 Dungeon Crawl Stone Soup version 0.30.1 (webtiles) character file.

Game seed: 7634448894460626691

1962 BreadTh the Reanimator (level 9, -2/39 HPs)
             Began as a Spriggan Necromancer on July 7, 2023.
             Was an Initiate of Vehumet.
             Slain by an orc warrior
             ... wielding a +1 mace of venom
              (9 damage)
             ... on level 7 of the Dungeon.
             The game lasted 00:24:11 (6585 turns).

BreadTh the Reanimator (Spriggan Necromancer)       Turns: 6585, Time: 00:24:11

Health: -2/39      AC:  3    Str:  4    XL:     9   Next: 0%
Magic:  0/22       EV: 17    Int: 29    God:    Vehumet [......]
Gold:   339        SH:  0    Dex: 15    Spells: 11/24 levels left

rFire   . . .        M - +8 flail "Cofiatig" {freeze, Int+2}
rCold   . . .        (no shield)
rNeg    . . .        E - +0 robe {Archmagi}
rPois   .            (helmet restricted)
rElec   .            p - +0 cloak
rCorr   .            (gloves unavailable)
SInv    +            (boots unavailable)
Will    +....        (no amulet)
Stlth   ++           B - +6 ring of intelligence
HPRegen 0.26/turn    (no ring)
MPRegen 0.18/turn

%: archmagi
@: lethally poisoned (-2 -> -12), studying Shields, very quick
A: very small, no large weapons, unfitting armour, see invisible, speed 3
a: Renounce Religion


You were on level 7 of the Dungeon.
You worshipped Vehumet.
Vehumet was noncommittal.
You visited 2 branches of the dungeon, and saw 8 of its levels.

You collected 339 gold pieces.

Inventory:

Hand Weapons
 h - a +2 mace of protection
 n - the +7 spear of the Depths {holy, Dex+3}
   (You found it on level 2 of the Dungeon)

   Dex:       It affects your dexterity (+3).
 o - a +4 quarterstaff of chaos
 F - a +2 flail of venom
 G - a +1 dagger of venom
 M - the +8 flail "Cofiatig" (weapon) {freeze, Int+2}
   (You found it on level 6 of the Dungeon)

   Int:       It affects your intelligence (+2).
Missiles
 e - 20 poisoned darts
 i - 87 stones
 z - 12 curare-tipped darts
Armour
 p - a +0 cloak (worn)
 x - a +0 robe of willpower
 E - a +0 robe of the Archmagi (worn)
Magical Staves
 I - a staff of cold
Jewellery
 y - a ring of ice
 B - a +6 ring of intelligence (left hand)
Wands
 J - a wand of quicksilver (9)
 K - a wand of paralysis (7)
Scrolls
 a - a scroll of poison {unknown}
 c - 3 scrolls of fear {unknown}
 l - 2 scrolls of enchant armour {unknown}
 m - a scroll of immolation {unknown}
 q - a scroll of vulnerability {unknown}
 t - 2 scrolls of teleportation {unknown}
 u - 9 scrolls of identify {unknown}
 v - 2 scrolls of amnesia {unknown}
 A - 3 scrolls of fog {unknown}
 D - 2 scrolls of noise {unknown}
 H - a scroll of blinking {unknown}
 N - a scroll of magic mapping {unknown}
 O - a scroll of enchant weapon {unknown}
Potions
 b - a potion of magic
 d - 2 potions of curing
 f - 3 potions of might {unknown}
 g - 2 potions of attraction {unknown}
 j - 4 potions of mutation {unknown}
 k - 2 potions of invisibility {unknown}
 r - 3 potions of ambrosia {unknown}
 s - 3 potions of lignification {unknown}
 w - a potion of cancellation {unknown}
 C - 2 potions of resistance {unknown}
 L - a potion of flight {unknown}


   Skills:
 - Level 3.0 Dodging
 - Level 3.0 Stealth
 + Level 8.4 Spellcasting
 * Level 9.6 Necromancy


You had 11 spell levels left.
You knew the following spells:

 Your Spells              Type           Power      Damage    Failure   Level
a - Necrotise             Necr           100%       1d9       1%          1
b - Vampiric Draining     Necr           80%        2d11      1%          3
c - Animate Dead          Necr           80%        N/A       1%          4
d - Agony                 Necr           80%        N/A       2%          5

Your spell library contained the following spells:

 Spells                   Type           Power      Damage    Failure   Level
 Gell's Gravitas          Tloc           18%        N/A       13%         3
 Teleport Other           Tloc           18%        N/A       13%         3
 Dispersal                Tloc           9%         N/A       100%        6


Dungeon Overview and Level Annotations

Branches:
Dungeon (7/15)             Temple (1/1) D:5

Altars:
Ashenzari
Cheibriados
Fedhas
Gozag
Hepliaklqana
Kikubaaqudgha
Makhleb
Nemelex Xobeh
Okawaru
Qazlal
Ru
Sif Muna
Trog
Uskayaw
Vehumet
Yredelemnul
Zin
The Shining One


Innate Abilities, Weirdness & Mutations

You are very small and have problems with some larger weapons.
You are too small for most types of armour.
You have supernaturally acute eyesight. (SInv)
You cover ground extremely quickly. (Speed+++)


Message History

Unknown command.
Your orc wizard skeleton barely misses the orc warrior.
Your orc wizard skeleton hits the orc warrior but does no damage.
Your iguana skeleton closely misses the orc warrior.
Casting: Necrotise (safe; 1% risk of failure)
Confirm with . or Enter, or press ? or * to list all spells.
The spell is quite dangerous to miscast (2% risk of failure)!
Continue anyway?
Aiming: Agony (quite dangerous; 2% risk of failure)
Press: ? - help, Shift-Dir - straight line, f/p - orc warrior
Aim: an orc warrior, wielding a +1 mace of venom and wearing a +0 chain mail (ally target, chance to affect: 100%)
You feel a surge of power!
The orc warrior convulses!
Your orc wizard skeleton closely misses the orc warrior.
Your iguana skeleton bites the orc warrior.
The orc warrior hits you with a +1 mace of venom!
You are lethally poisoned!
* * * LOW HITPOINT WARNING * * *
You feel very sick.
Your orc wizard skeleton closely misses the orc warrior.
Your iguana skeleton closely misses the orc warrior.
Okay, then.
* * * LOW HITPOINT WARNING * * *
You feel very sick.
Casting: Agony (quite dangerous; 2% risk of failure)
Confirm with . or Enter, or press ? or * to list all spells.
You don't have enough magic to cast this spell.
Casting: Agony (quite dangerous; 2% risk of failure)
Confirm with . or Enter, or press ? or * to list all spells.
Okay, then.
Casting: Agony (quite dangerous; 2% risk of failure)
Confirm with . or Enter, or press ? or * to list all spells.
Aiming: Vampiric Draining (safe; 1% risk of failure)
Press: ? - help, Shift-Dir - straight line, f/p - orc warrior
Aim: an orc warrior, wielding a +1 mace of venom and wearing a +0 chain mail (heavily wounded, ally target)
You feel a surge of power!
You draw life force from the orc warrior.
You feel life coursing into your body.
* * * LOW HITPOINT WARNING * * *
You feel very sick.
The orc warrior hits you with a +1 mace of venom!
You die...

......# ####.##
........###..#.. .#
................ ..
..............# .##
.............# ##..#
.............###..#####
.............##....#..###
..........................
..........@...............#
.....))).o####............#
........ZZ## ##...........
#....#..Z..###............
#.## #....##...........## .
# ##................##..
##..........#..........
.##..........<...........
.........................


You could see an orc warrior (ally target), a friendly iguana skeleton and 2
friendly orc wizard skeletons.

Vanquished Creatures
  Eustachio (D:5)
  A water moccasin (D:5)
  A sky beast (D:6)
  An ice beast (D:7)
  An ogre (D:6)
  A phantom (D:5)
  2 kobold brigands
  4 scorpions
  2 howler monkeys
  4 hounds
  3 jellies
  Crazy Yiuf (D:2)
  2 orc priests
  2 iguanas
  7 orc wizards
  A sleepcap (D:6)
  4 adders
  3 gnolls (D:3)
  2 white imps (D:6)
  An ufetubus (D:6)
  2 worms
  A dart slug (D:3)
  23 orcs
  5 ball pythons
  5 endoplasms
  2 giant cockroaches
  6 goblins
  6 hobgoblins
  5 jackals (D:1)
  12 kobolds
  A quokka (D:2)
  8 bats
  3 frilled lizards
  4 rats
127 creatures vanquished.

Vanquished Creatures (collateral kills)
  Menkaure (D:4)
  A howler monkey (D:6)
  An orc priest (D:7)
  A jackal (D:1)
  A rat (D:1)
5 creatures vanquished.

Vanquished Creatures (others)
  An orc wizard (D:6)
1 creature vanquished.

Grand Total: 133 creatures vanquished

Notes
Turn   | Place    | Note
-------+----------+-------------------------------------------
     0 | D:1      | BreadTh the Spriggan Necromancer began the quest for the
                  | Orb.
     0 | D:1      | Reached XP level 1. HP: 9/9 MP: 5/5
   212 | D:1      | Reached skill level 4 in Necromancy
   212 | D:1      | Reached XP level 2. HP: 13/13 MP: 3/6
   865 | D:1      | Reached XP level 3. HP: 16/16 MP: 6/8
  1314 | D:2      | Learned a level 3 spell: Vampiric Draining
  1337 | D:2      | Found a runed translucent door.
  1338 | D:2      | Noticed Crazy Yiuf
  1380 | D:2      | Identified the +7 spear of the Depths {holy, Dex+3}
  1440 | D:2      | Killed Crazy Yiuf
  1441 | D:2      | Reached XP level 4. HP: 21/21 MP: 4/10
  2445 | D:3      | Noticed a scorpion
  2454 | D:3      | Killed a scorpion
  2455 | D:3      | Reached skill level 5 in Necromancy
  2455 | D:3      | Reached XP level 5. HP: 24/24 MP: 4/12
  2512 | D:3      | Found an iron altar of Okawaru.
  2541 | D:3      | Found a faded altar of an unknown god.
  3127 | D:4      | Learned a level 4 spell: Animate Dead
  3133 | D:4      | Learned a level 5 spell: Agony
  3231 | D:4      | Found an opulent altar of Gozag.
  3362 | D:4      | Noticed Menkaure
  3370 | D:4      | Killed Menkaure
  3371 | D:4      | Reached skill level 5 in Spellcasting
  3371 | D:4      | Reached skill level 6 in Necromancy
  3371 | D:4      | Reached XP level 6. HP: 28/28 MP: 9/14
  3514 | D:5      | Entered Level 5 of the Dungeon
  3571 | D:5      | Noticed Eustachio
  3705 | D:5      | Killed Eustachio
  3706 | D:5      | Reached XP level 7. HP: 26/32 MP: 1/16
  3812 | D:5      | Reached skill level 7 in Necromancy
  4631 | D:5      | Reached skill level 8 in Necromancy
  4631 | D:5      | Reached XP level 8. HP: 13/36 MP: 19/19
  4790 | D:5      | Found a staircase to the Ecumenical Temple.
  4853 | Temple   | Entered the Ecumenical Temple
  5033 | Temple   | Became a worshipper of Vehumet
  5371 | D:6      | Found a bloodstained altar of Trog.
  5609 | D:6      | Found a stormy altar of Qazlal.
  5773 | D:6      | Identified the +8 flail "Cofiatig" {freeze, Int+2}
  5966 | D:7      | Reached skill level 9 in Necromancy
  6576 | D:7      | Reached XP level 9. HP: 22/39 MP: 9/22
  6585 | D:7      | Slain by an orc warrior

Illustrated notes

Levels and vault maps discovered:
D:1:      amcnicky_arrival_gap_in_the_tavern_cellar, layout_loops_ring
D:2:      layout_loops_ring, uniq_crazy_yiuf_cottage
D:3:      layout_rooms, kennysheep_okawaru_gauntlet,
          dreamdust_ecumenical_altar_statues
D:4:      layout_cave_pools, mainiacjoe_overflow_alcove_4,
          nicolae_concentric_dashed_squares_wild, uniq_menkaure
D:5:      layout_basic, minmay_temple_entry_poolview, minmay_holes,
          supply_closet_lemuel, uniq_eustachio
D:6:      layout_gridville, general_overflow_altar, overflow_temple_1_default
D:7:      layout_cave_pools, dreamdust_mushroom_princess, minivault_4,
          roderic_malta_cross
Temple:   eino_narrow_crystal_temple

Skill      XL: |  1  2  3  4  5  6  7  8 |
---------------+-------------------------+-----
Necromancy     | 4 5 6 8 9 |  9.6
Spellcasting   | 3 4 5 6 8 |  8.4
Dodging        | 3 |  3.0
Stealth        | |  3.0

Action                     |  1- 3 |  4- 6 |  7- 9 || total
---------------------------+-------+-------+-------++-------
  Melee: Mace              |     2 |       |       ||     2
         Spear             |       |    20 |    60 ||    80
         Flail             |       |       |    11 ||    11
   Cast: Necrotise         |    52 |    87 |   135 ||   274
         Vampiric Draining |       |     9 |    10 ||    19
         Agony             |       |       |     9 ||     9
  Evoke: Wand              |       |       |     2 ||     2
    Use: Potion            |       |       |     1 ||     1
   Stab: Paralysed         |       |       |     2 ||     2
 Armour: Robe              |     3 |     4 |    17 ||    24
  Dodge: Dodged            |     5 |    33 |   101 ||   139
